Description

A cheesy 1-base DT play that has a surprisingly strong transition if you micro your prism well to keep the DTs alive!

VOD

https://www.youtube.com/watch?v=rAf9gljyTq8

Replay - 1 Base DT Drop

Build Order

Get SALT Encoding   

  12  0:00  Probe (Chrono Boost)  
  13  0:11  Probe (Chrono Boost)  
  14  0:19  Pylon  
  14  0:22  Probe (Chrono Boost)  
  15  0:37  Probe (Chrono Boost)  
  15  0:38  Gateway  
  15  0:42  Assimilator  
  16  0:48  Probe (Chrono Boost)  
  17  0:53  Assimilator  
  17  1:01  Probe (Chrono Boost)  
  18  1:12  Probe (Chrono Boost)  
  19  1:23  Probe (Chrono Boost)  
  19  1:24  Pylon  
  20  1:26  Cybernetics Core  
  20  1:33  Probe (Chrono Boost)  
  21  1:40  Zealot  
  21  1:47  Probe (Chrono Boost)  
  25  2:04  Twilight Council  
  25  2:07  Warp Gate  
  25  2:08  Mothership Core (Chrono Boost)  
  27  2:25  Robotics Facility  
  28  2:36  Pylon  
  29  2:45  Dark Shrine  
  29  2:59  Gateway  
  29  3:05  Gateway  
  30  3:20  Warp Prism  
  32  3:37  Pylon  
  33  4:11  Dark Templar x3  
  40  4:21  Nexus  
  40  4:42  Pylon  
  40  4:45  Sentry x2  
  45  5:24  Robotics Bay  
  43  5:41  Dark Templar  
  46  5:46  Stalker  
  49  6:03  Stalker  
  52  6:11  Assimilator x2  
  53  6:17  Disruptor  
  60  6:39  Stalker x2  
  56  6:45  Stalker  
  54  7:05  Stalker x2  
  57  7:12  Observer  
  60  7:15  Mothership Core (Chrono Boost)  
  60  7:20  Nexus  
  60  7:26  Dark Templar  
  64  7:37  Sentry  
  64  7:38  Gateway x2  
  69  8:03  Disruptor  
  69  8:04  Stalker x3  
  69  8:05  Blink  
  79  8:18  Assimilator  
  80  8:23  Assimilator  
  86  8:44  Disruptor  
  94  9:31  Disruptor  
  94  9:53  Charge  
Spawning Tool Build Advisor. Get it on Overwolf

Go to:

Details

  • Created by: PiG      
  • Published on: Jun 08, 2017
  • Modified on: Jun 08, 2017
  • Patch: 3.8.0
Show
View Real Time Build Order
Export as new Build Order

Comments (0)

There are no comments. Be the first!

Create an account to comment!